AoeStats
← 路一司

Pilgrims

508245528Analyzed
4v4 RM · 9d ago on Sep 21, 2026· 42m 0s· 8 players
Game mode
Random Map
Map size
Large (8 player)
Population
200
Speed
Normal
Resources
Standard
Victory
Conquest
Starting age
Dark Age
Ending age
Imperial Age
RankedLock teamsTeams togetherTeam positionsShared explorationLock speedFull tech treeHidden civsTurbo modeCheats
Victory
Defeat
🇬🇧 Armenians · United Kingdom
1227
+14
🇩🇪 Italians · Germany
1215
+14
🇨🇦 Japanese · Canada
1160
+17
🇨🇦 Britons · Canada
1136
+17
🇹🇷 Goths · Türkiye
1217
-17
🇹🇼 Gurjaras · Taiwan
1191
-16
🇯🇵 Britons · Japan
1149
-15
🇨🇳 Portuguese · China
1139
-14
excboom
12:23 Feudal Age
12:59 Horse Collar
13:14 Double-Bit Axe
14:21 Wheelbarrow
15:25 Bloodlines
16:17 Loom
21:16 Castle Age
19:29 Gold Mining
20:31 Fletching
22:14 Bow Saw
22:08 Heavy Plow
22:37 Scale Barding Armor
22:54 Bodkin Arrow
23:18 Padded Archer Armor
24:47 Hand Cart
27:16 Thumb Ring
28:44 Kshatriyas
29:10 Town Watch
37:18 Forging
sada-aki
10:26 Loom
12:53 Feudal Age
13:32 Gold Mining
13:30 Double-Bit Axe
15:34 Fletching
17:35 Padded Archer Armor
24:01 Castle Age
24:43 Bodkin Arrow
32:35 Treadmill Crane
35:03 Leather Archer Armor
36:02 Crossbowman
38:35 Ballistics
41:06 Yeomen
路一司
4:23 Loom
13:31 Feudal Age
19:32 Fletching
22:10 Double-Bit Axe
23:09 Gold Mining
23:11 Stone Mining
28:31 Castle Age
30:24 Wheelbarrow
32:22 Imperial Age
31:37 Stone Shaft Mining
30:56 Treadmill Crane
37:23 Ballistics
38:05 Chemistry
37:11 Siege Engineers
38:41 Conscription
40:01 Pikeman
40:42 Bodkin Arrow
41:02 Masonry
41:40 Redemption
41:34 Devotion
41:47 Fervor
41:52 Block Printing
42:43 Wheelbarrow
41:54 Town Watch
low iq moron
5:18 Loom
13:37 Feudal Age
14:07 Horse Collar
14:14 Double-Bit Axe
15:07 Wheelbarrow
15:22 Town Watch
21:38 Scale Mail Armor
21:49 Forging
26:37 Castle Age
25:03 Fletching
25:47 Padded Archer Armor
35:08 Hand Cart
36:58 Chain Mail Armor
39:00 Bow Saw
39:27 Heavy Plow
ManBearPig1511
3:18 Loom
13:14 Feudal Age
13:51 Double-Bit Axe
14:29 Town Watch
14:40 Fishing Lines
17:28 Castle Age
16:29 Forging
16:10 Fletching
18:53 Medium Warships
19:19 Bow Saw
21:18 Horse Collar
24:28 Wheelbarrow
25:28 Ballistics
28:40 Gambesons
32:25 Squires
32:10 Arson
33:16 Iron Casting
32:42 Scale Mail Armor
33:07 Man-at-Arms
33:51 Bodkin Arrow
33:49 Long Swordsman
35:15 Two-Handed Swordsman
37:20 Champion
38:23 Chain Mail Armor
38:11 Padded Archer Armor
42:28 Imperial Age
41:21 Heavy Plow
41:15 Gold Mining
41:16 Stone Mining
41:26 Murder Holes
41:57 Hand Cart
41:43 Town Patrol
elsuum_93
11:56 Feudal Age
17:24 Castle Age
16:19 Loom
17:28 Fletching
25:01 Bodkin Arrow
26:40 Double-Bit Axe
28:28 Guard Tower
34:30 Town Watch
35:21 Wheelbarrow
40:48 Masonry
victor002
13:19 Feudal Age
11:39 Loom
15:47 Fletching
20:29 Castle Age
20:41 Crossbowman
21:41 Double-Bit Axe
21:38 Horse Collar
26:45 Bodkin Arrow
26:50 Padded Archer Armor
28:17 Heavy Plow
30:02 Pikeman
36:11 Padded Archer Armor
44:58 Imperial Age
Elliminator
6:49 Loom
13:03 Feudal Age
13:33 Double-Bit Axe
16:38 Fletching
16:58 Fishing Lines
20:11 Castle Age
18:28 Gold Mining
22:35 Bow Saw
23:13 Bodkin Arrow
25:18 Ballistics
28:10 Horse Collar
30:13 Town Watch
32:19 Heavy Plow
35:54 Imperial Age
34:23 Padded Archer Armor
37:42 Chemistry
36:45 Bracer
41:46 Elite Genoese Crossbowman
Connection lost

Rejoining the realm…

Still unreachable

The connection could not be restored.

Session expired

The server has moved on; the page needs a fresh start.